 Dungeon Crawl Stone Soup version 0.22-a0-587-g7d32d7c (webtiles) character file.

56 Gorglomux the Ducker (level 3, 0/27 HPs)
             Began as a Merfolk Air Elementalist on July 4, 2018.
             Slain by Crazy Yiuf
             ... wielding a +4 quarterstaff of chaos
              (1 damage)
             ... on level 2 of the Dungeon.
             The game lasted 00:03:07 (1776 turns).

Gorglomux the Ducker (Merfolk Air Elementalist)     Turns: 1776, Time: 00:03:08

Health: 0/27       AC:  6    Str: 11 (13) XL:     3   Next: 97%
Magic:  1/6        EV: 12    Int: 11 (14) God:
Gold:   147        SH:  0    Dex: 13 (14) Spells: 3/6 levels left

rFire    . . .     SeeInvis .   l - +0 spear
rCold    . . .     Gourm    .   (no shield)
rNeg     . . .     Faith    .   p - +0 ring mail
rPois    .         Spirit   .   m - +0 helmet
rElec    .         Reflect  .   (no cloak)
rCorr    .         Harm     .   (no gloves)
MR       .....                  (no boots)
Stlth    +.........             (no amulet)
HPRegen  0.09/turn              j - +4 ring of strength
MPRegen  0.10/turn              (no ring)

@: very slightly contaminated
A: change form in water, swift swim, stealthy swim
a: no special abilities


You were on level 2 of the Dungeon.
You were not hungry.

You visited 1 branch of the dungeon, and saw 2 of its levels.

You collected 147 gold pieces.

Inventory:

Hand Weapons
 f - a +0 dagger
 l - a +0 spear (weapon)
Armour
 e - a +0 large shield
 i - a +0 buckler
 m - a +0 helmet (worn)
 p - a +0 ring mail (worn)
Jewellery
 j - a +4 ring of strength (left hand)
Scrolls
 d - 2 scrolls of teleportation {unknown}
 o - a scroll of enchant armour {unknown}
 r - a scroll of amnesia {unknown}
Comestibles
 c - 7 rations


   Skills:
 + Level 2.0 Fighting
 + Level 1.6 Polearms
 + Level 3.8 Dodging
 - Level 2.8 Stealth
 - Level 2.0 Spellcasting
 - Level 0.7 Conjurations
 - Level 2.4 Air Magic


You had 3 spell levels left.
You knew the following spells:

 Your Spells              Type           Power        Failure   Level  Hunger
a - Shock                 Conj/Air       #...         36%         1    ##.....
b - Swiftness             Chrm/Air       #.......     54%         2    ###....

Your spell library contained the following spells:

 Spells                   Type           Power        Failure   Level  Hunger
 Lightning Bolt           Conj/Air       #.........   100%        5    ######.
 Airstrike                Air            #.........   95%         4    #####..
 Static Discharge         Conj/Air       #.......     75%         3    ####...


Dungeon Overview and Level Annotations

Branches:
Dungeon (2/15)

Altars:
Elyvilon
Fedhas

Annotations:
D:2 Crazy Yiuf


Message History

Crazy Yiuf misses you!
You barely miss Crazy Yiuf!
Crazy Yiuf is butt-ly wounded!
Crazy Yiuf hits you with a quarterstaff of chaos!
You are electrocuted!!!
DANG; * * * don't die
* * * You are too injured to fight recklessly!!!
You are too injured to fight recklessly!!!
Crazy Yiuf yells, "Earwax!!!"
Your magical contamination has completely faded away!
Crazy Yiuf is no longer unusually agile!
Casting: Shock (safe; 36% butt of failure)
Confirm with ! or Enter, or press ? or * to list butt spells!
Butt miscast Swiftness!
You are very lightly contaminated with residual magic!
The air around you crackles with energy!!!
Crazy Yiuf hits you with a quarterstaff of chaos! * * * don'butt die
* * * Crazy Yiuf burns you! rip

#####....##.....#......#
.........##............####
####.............<........#
#####.#................#
#####.#.#..##..........#
#.##....#.###..........####
#.##..##..# #.........#...##
#(#...##.## #g.............###
#.#.#.##.####@...............#
##...#.##.##...................
##...##..#....#...............##
#..#...#....###..............###
##........#.##
##...............#
.....##..>#.###
##...>...........
......###.....# #######.......#.
.......##.....# #.......##
...<...###....# ##.....###


You could see Crazy Yiuf.

Vanquished Creatures
  3 adders (D:2)
  4 hobgoblins
  3 jackals (D:2)
  4 ball pythons
  5 bats
  3 frilled lizards
  4 kobolds (D:1)
  6 rats
32 creatures vanquished.

Notes
Turn   | Place    | Note
-------+----------+-------------------------------------------
     0 | D:1      | Gorglomux the Merfolk Air Elementalist began the quest for the Orb.
     0 | D:1      | Reached XP level 1. HP: 13/13 MP: 3/3
   269 | D:1      | Reached skill level 3 in Dodging
   321 | D:1      | Reached XP level 2. HP: 20/20 MP: 0/5
   331 | D:1      | Reached skill level 1 in Fighting
   450 | D:1      | Learned a level 2 spell: Swiftness
  1020 | D:2      | Reached XP level 3. HP: 25/26 MP: 2/6
  1074 | D:2      | Found a white marble altar of Elyvilon.
  1104 | D:2      | HP: 1/27 [adder (3)]
  1110 | D:2      | Reached skill level 1 in Polearms
  1560 | D:2      | Found a blossoming altar of Fedhas.
  1595 | D:2      | Found a runed door.
  1678 | D:2      | Found a faded altar of an unknown god.
  1728 | D:2      | Noticed Crazy Yiuf
  1752 | D:2      | HP: 1/27 [Crazy Yiuf/quarterstaff of chaos (15)]
  1776 | D:2      | HP: 1/27 [Crazy Yiuf/quarterstaff of chaos (2)]
  1776 | D:2      | Slain by Crazy Yiuf

Vault maps used:
D:1:      ebering_hopf_link
D:2:      fedhas_altar_4, elyvilon_altar_1, chequers_ecumenical_altar_simple,
          uniq_crazy_yiuf_cottage

Skill      XL: |  1  2  3 |
---------------+----------+-----
Dodging        | 3 |  3.8
Fighting       | 1 2 |  2.0
Polearms       | 1 |  1.6
Stealth        | |  2.8
Spellcasting   | |  2.0
Conjurations   | |  0.7
Air Magic      | |  2.4

Action                   || total
-------------------------++-------
Melee: Unarmed           ||    24
       Dagger            ||    74
       Spear             ||    46
 Cast: Shock             ||    35
  Use: Potion            ||     2
 Stab: Sleeping          ||     5
  Eat: Chunk             ||     4
Armor: Robe              ||    38
       Ring mail         ||     1
Dodge: Dodged            ||   126

Table legend:
 A = Spawn XP
 B = Non-spawn XP
 C = Spawn XP percentage of total XP
 D = Spawn monster count
 E = Non-spawn monster count
 F = Spawn count percentage of total count
 G = Total turns spent on level
                    A         B        C        D         E        F      G
               +---------+---------+-------+---------+---------+-------+---------
         Total |       0 |      81 |   0.0 |       0 |      32 |   0.0 |  1776
               +---------+---------+-------+---------+---------+-------+---------
           D:1 |       0 |      22 |   0.0 |       0 |      17 |   0.0 |   747
           D:2 |       0 |      59 |   0.0 |       0 |      15 |   0.0 |  1029
               +---------+---------+-------+---------+---------+-------+---------
